 Dungeon Crawl Stone Soup version 0.19.0-19-g8c6edcc (webtiles) character file.

112 MovingMist the Skirmisher (level 4, 0/30 HPs)
             Began as a Gargoyle Fighter on Nov 12, 2016.
             Slain by a hobgoblin (4 damage)
             ... led by Robin
             ... on level 3 of the Dungeon.
             The game lasted 00:04:38 (1835 turns).

MovingMist the Skirmisher (Gargoyle Fighter)        Turns: 1835, Time: 00:04:39

Health: 0/30       AC: 12    Str: 25    XL:     4   Next: 95%
Magic:  4/4        EV:  8    Int:  8    God:
Gold:   153        SH: 10    Dex: 10    Spells: 0 memorised, 3 levels left

rFire  + . .     SeeInvis .     r - +0 morningstar
rCold  . . .     Gourm    .     l - +3 ring mail {rF+}
rNeg   + . .     Faith    .     c - +0 shield
rPois  ∞         Spirit   .     (no helmet)
rElec  +         Reflect  .     (no cloak)
rCorr  .         Harm     .     (no gloves)
MR     .....                    (no boots)
Stlth  ..........               (no amulet)
                                (no ring)
                                (no ring)

@: mighty
A: negative energy resistance 1, electricity resistance, unbreathing,
petrification resistance, rot immunity, AC +3
a: no special abilities


You were on level 3 of the Dungeon.
You were not hungry.

You visited 1 branch of the dungeon, and saw 3 of its levels.

You collected 153 gold pieces.

Inventory:

Hand Weapons
 r - a +0 morningstar (weapon)
Armour
 c - a +0 shield (worn)
 i - a +0 chain mail
 l - a +3 ring mail of fire resistance (worn)
Scrolls
 a - a scroll of blinking
 p - 2 scrolls of amnesia {unknown}
 q - a scroll of random uselessness {unknown}
 s - a scroll of enchant weapon {unknown}
Potions
 b - a potion of agility {unknown}
 e - 2 potions of cancellation {unknown}
 g - a potion of cure mutation {unknown}
 m - a potion of degeneration {unknown}
 n - a potion of flight {unknown}
 o - 2 potions of lignification {unknown}
Comestibles
 f - a bread ration
 h - 2 meat rations
 j - 8 chunks of flesh
 k - 3 fruits


   Skills:
 * Level 4.6 Fighting
 + Level 2.4 Maces & Flails
 + Level 3.7 Armour
 + Level 4.3 Shields


You had 3 spell levels left.
You didn't know any spells.

Dungeon Overview and Level Annotations

Branches:
Dungeon (3/15)

Altars:
Uskayaw

Annotations:
D:3 Robin


Innate Abilities, Weirdness & Mutations

You are resistant to torment.
Your stone body is resilient. (AC +3)
You are immune to poison.
You resist negative energy. (rN+)
You are resistant to electric shocks. (rElec)
You can survive without breathing.
You are immune to petrification.
You are immune to rotting.


Message History

You block the goblin's attack.
You closely miss the goblin.
The hobgoblin no longer looks unusually strong.
You block the hobgoblin's attack. Robin throws the goblin at you!
You block the goblin's attack. The goblin barely misses you.
The goblin hits you but does no damage.
You sock the goblin!
You kill the goblin!
The goblin no longer looks unusually strong.
Robin roars a battlecry!
The goblin goes into a battle-frenzy!
You block the goblin's attack.
The goblin hits you but does no damage. x2
The hobgoblin hits you but does no damage.
The hobgoblin completely misses you.
You impale the hobgoblin!!
You kill the hobgoblin!
You block the goblin's attack. The hobgoblin barely misses you.
The goblin hits you but does no damage. x2; The goblin barely misses you.
The hobgoblin hits you.
You die...

..########.≈≈#########).#gg.#
..# #(≈≈#..........#.g.# .##
#.(('(.........#gg.# .#
#...'.(.....)..#...# )#
#...'.))((((...#.g.# ##
##≈≈#..(..(()..#...#
#≈≈#########..##''#
##≈≈≈.g#†..#......#
#≈≈≈g@gg..'......#
##≈≈gg#...#......#
#################


You could see Robin, a hobgoblin and 4 goblins.

Vanquished Creatures
  Terence (D:2)
  An adder (D:3)
  An ooze (D:1)
  A dart slug (D:1)
  5 leopard geckos
  7 orcs (D:3)
  A giant cockroach (D:1)
  7 hobgoblins
  3 jackals (D:3)
  5 kobolds
  A ball python (D:2)
  10 bats
  2 frilled lizards
  10 goblins (D:3)
  2 rats
57 creatures vanquished.

Notes
Turn   | Place    | Note
-------+----------+-------------------------------------------
     0 | D:1      | MovingMist the Gargoyle Fighter began the quest for the Orb.
     0 | D:1      | Reached XP level 1. HP: 14/14 MP: 1/1
   202 | D:1      | Reached XP level 2. HP: 19/19 MP: 2/2
   278 | D:1      | Reached XP level 3. HP: 15/24 MP: 3/3
   950 | D:2      | Found a hide-covered altar of Uskayaw.
  1115 | D:2      | Noticed Terence
  1130 | D:2      | Killed Terence
  1130 | D:2      | Reached XP level 4. HP: 28/29 MP: 4/4
  1811 | D:3      | Noticed Robin
  1835 | D:3      | Slain by a hobgoblin

Skill      XL: |  1  2  3 |
---------------+----------+-----
Fighting       | 4 |  4.6
Shields        | 4 |  4.3
Maces & Flails | |  2.4
Armour         | |  3.7

Action                   |  1- 3 |  4- 6 || total
-------------------------+-------+-------++-------
Melee: Flail             |   117 |    42 ||   159
       Morningstar       |       |    44 ||    44
  Use: Scroll            |     3 |       ||     3
       Potion            |       |     1 ||     1
  Eat: Chunk             |       |     2 ||     2
       Beef jerky        |       |     1 ||     1
Armor: Scale mail        |     6 |       ||     6
       Chain mail        |    91 |     4 ||    95
       Ring mail         |       |    82 ||    82
Dodge: Dodged            |    42 |    71 ||   113
Block: Shield            |    77 |    80 ||   157
